 Dungeon Crawl Stone Soup version 0.27-a0-1189-gb8eb6cee8e (webtiles) character file.

Game seed: 333112361631301316

0 Gargoyl the Skirmisher (level 1, -6/23 HPs)
             Began as a Gnoll Abyssal Knight on May 23, 2021.
             Was a Follower of Lugonu.
             Mangled by a ghost moth (10 damage)
             ... on level 1 of the Abyss.
             The game lasted 00:00:13 (147 turns).

Gargoyl the Skirmisher (Gnoll Abyssal Knight)        Turns: 147, Time: 00:00:14

Health: -6/23      AC:  3    Str: 10 (11) XL:     1   Next: 0%
Magic:  0/3        EV: 11    Int: 11      God:    Lugonu [*.....]
Gold:   20         SH:  0    Dex: 11      Spells: 0/0 levels left

rFire    . . .     SeeInvis .   a - +1 hand axe
rCold    . . .     Faith    .   (no shield)
rNeg     . . .     Spirit   .   b - +0 leather armour
rPois    .         Reflect  .   (no helmet)
rElec    .         Harm     .   (no cloak)
rCorr    .         Rampage  .   (no gloves)
Will     .....                  (no boots)
Stlth    +.........             (no amulet)
HPRegen  0.07/turn              (no ring)
MPRegen  0.08/turn              (no ring)

@: flayed
A: fangs 1, strong nose, distributed training
a: Renounce Religion, Depart the Abyss


You were on level 1 of the Abyss.
You worshipped Lugonu.
Lugonu was aware of your devotion.
You visited 0 branches of the dungeon, and saw 0 of its levels.
You visited the Abyss 1 time.

You collected 20 gold pieces.

Inventory:

Hand Weapons
 a - a +1 hand axe (weapon)
Armour
 b - a +0 leather armour (worn)


   Skills:
 + Level 6.4 Fighting
 + Level 0.0 Short Blades
 + Level 0.0 Long Blades
 + Level 4.4 Axes
 + Level 0.0 Maces & Flails
 + Level 0.0 Polearms
 + Level 0.0 Staves
 + Level 0.0 Slings
 + Level 0.0 Bows
 + Level 0.0 Crossbows
 + Level 0.0 Throwing
 + Level 4.4 Armour
 + Level 2.3 Dodging
 + Level 0.0 Stealth
 + Level 0.0 Shields
 + Level 0.0 Unarmed Combat
 + Level 0.0 Spellcasting
 + Level 0.0 Conjurations
 + Level 0.0 Hexes
 + Level 0.0 Summonings
 + Level 0.0 Necromancy
 + Level 0.0 Translocations
 + Level 0.0 Transmutations
 + Level 0.0 Fire Magic
 + Level 0.0 Ice Magic
 + Level 0.0 Air Magic
 + Level 0.0 Earth Magic
 + Level 0.0 Poison Magic
 + Level 4.4 Invocations
 + Level 0.0 Evocations


You couldn't memorise any spells.
You didn't know any spells.
Your spell library was empty.

Dungeon Overview and Level Annotations

Branches:
Dungeon (0/15)

Altars:


Innate Abilities, Weirdness & Mutations

You have very sharp teeth.
Your uncanny sense of smell can sniff out nearby items.
Your experience applies equally to all skills.


Message History

Welcome, Gargoyl the Gnoll Abyssal Knight.
It is said that the Orb of Zot exists deep within this dungeon.
Lugonu says: Depart the Abyss and spread corruption, my servant! (use the ability menu to exit the Abyss) Press ? for a list of commands and other information.
Found a corrupted altar of Lugonu.
Found a gateway leading out of the Abyss.
You now have 10 gold pieces.
You now have 20 gold pieces (gained 10).
Found a hat.
c - a scroll labelled QAPRIU KASEASH
As you read the scroll labelled QAPRIU KASEASH, it crumbles to dust.
You assume a fearsome visage.
Nothing appears to happen.
It was a scroll of fear.
A flayed ghost comes into view.
The flayed ghost stares at you with tortured malice.
Terrible wounds open up all over your body!
The terrible wounds on your body vanish.
The flayed ghost cries, "Feel what I felt!"
Terrible wounds open up all over your body!
A snapping turtle comes into view.
The snapping turtle hisses angrily.
The flayed ghost cries, "Feel what I felt!"
Terrible wounds spread across more of your body!
The snapping turtle bites you from afar.
The snapping turtle bites you but does no damage.
A merfolk comes into view. It is wielding a +0 trident.
You feel you are being watched by something.
You feel your power leaking away.
Found five items.
A tarantella and a redback come into view.
The tarantella hisses angrily.
Something hits you!
* * * LOW HITPOINT WARNING * * *
You feel weakened.
Deactivating autopickup; reactivate with Ctrl-A.
Something hits you!
You die...

#.##. .$"$ (#$#
#### ≈#∆)). . . #
m.. ≈.#ss# .#
.§#..#.# .. #§...#
.# #.@##.#
#≈##..### ..
###.###P# ..
#..##..## .#.
#..##t.##..#....
............#. .##
............≈≈≈≈≈#
.
##..##..##..≈≈≈≈##
.
#..##..##W.≈≈≈##..


You could see a tarantella and a redback.

Vanquished Creatures (others)
  A plant (Abyss:1)
1 creature vanquished.

Notes
Turn   | Place    | Note
-------+----------+-------------------------------------------
     0 | Abyss:1  | Gargoyl the Gnoll Abyssal Knight began the quest for the
                  | Orb.
     0 | Abyss:1  | Reached XP level 1. HP: 23/23 MP: 3/3
     5 | Abyss:1  | Found a corrupted altar of Lugonu.
   125 | Abyss:1  | Noticed a flayed ghost
   141 | Abyss:1  | Noticed a snapping turtle
   146 | Abyss:1  | Noticed a merfolk
   147 | Abyss:1  | Noticed a tarantella
   147 | Abyss:1  | Noticed a redback
   147 | Abyss:1  | Mangled by a ghost moth

Illustrated notes

Levels and vault maps discovered:
Abyss:1:  base: Temple, base: Temple, hangedman_abyss_theft

Action                   || total
-------------------------++-------
  Use: Scroll            ||     1
Armor: Leather armour    ||     1

Table legend: (Time is in decaauts)
 A = Elapsed time spent in this place.
 B = Non-inter-level travel time spent in this place.
 C = Inter-level travel time spent in this place.
 D = Time resting spent in this place.
 E = Time spent auto-exploring this place.
 F = Levels seen in this place.
 G = Mean time per level.
                   A        B        C        D        E       F      G
               +--------+--------+--------+--------+--------+-----+--------+
         Total |    147 |    147 |      0 |      0 |    119 |   1 |  147.0 |
         Abyss |    147 |    147 |      0 |      0 |    119 |   1 |  147.0 |
               +--------+--------+--------+--------+--------+-----+--------+

Top non-repeatable levels by time:
 Abyss:1: 147 daAuts
